 Dungeon Crawl Stone Soup version 0.21.1-1-g345015fe64 (webtiles) character file.

2450 Stelma the Grappler (level 9, -5/64 (72) HPs)
             Began as a Ghoul Monk on Mar 27, 2018.
             Was an Elder of Wu Jian.
             Slain by a two-headed ogre
             ... wielding a +0 giant spiked club
              (22 damage)
             ... on level 8 of the Dungeon.
             The game lasted 01:03:55 (8098 turns).

Stelma the Grappler (Ghoul Monk)                    Turns: 8098, Time: 01:03:56

HP:   -5/64 (72)    AC:  3    Str: 18    XL:     9   Next: 50%
MP:   8/8           EV: 15    Int:  5    God:    Wu Jian [****..]
Gold: 191           SH:  0    Dex: 11    Spells: 8/8 levels left

rFire    . . .     SeeInvis .     - Unarmed
rCold    + . .     Gourm    .   (no shield)
rNeg     + + +     Faith    .   a - +0 robe
rPois    ∞         Spirit   .   (no helmet)
rElec    .         Reflect  .   (no cloak)
rCorr    .         Harm     .   (no gloves)
MR       .....                  f - +0 pair of boots
Stlth    ++........             k - amulet of magic regeneration
HPRegen  0.00/turn              n - ring of positive energy
MPRegen  0.36/turn              t - ring of flight

@: rotting
A: rotting body, claws 1, carnivore, cold resistance 1, negative energy
resistance 3, inhibited regeneration, torment resistance, unbreathing
a: Wall Jump, Serpent's Lash, Renounce Religion, Evoke Flight


You were on level 8 of the Dungeon.
You worshipped Wu Jian.
Wu Jian was greatly pleased with you.
You were hungry.

You visited 1 branch of the dungeon, and saw 8 of its levels.

You collected 312 gold pieces.
You spent 121 gold pieces at shops.

Inventory:

Armour
 a - a +0 robe (worn)
 f - a +0 pair of boots (worn)
 A - a +0 cloak
Jewellery
 k - an amulet of magic regeneration (around neck)
 n - a ring of positive energy (left claw)
 r - an uncursed ring of wizardry
 t - a ring of flight (right claw)
Wands
 z - a wand of iceblast (5)
Scrolls
 c - a scroll of fear
 d - a scroll of remove curse
 e - 3 scrolls of teleportation
 h - 3 scrolls of amnesia {unknown}
 i - 4 scrolls of magic mapping {unknown}
 j - 2 scrolls of enchant armour {unknown}
 l - a scroll of fog {unknown}
 p - 2 scrolls of immolation {unknown}
 v - a scroll of enchant weapon {unknown}
 y - a scroll of identify
 B - a scroll of silence {unknown}
Potions
 g - 2 potions of curing
 m - a potion of invisibility
 o - a potion of flight
 q - 2 potions of heal wounds
 s - a potion of mutation {unknown}
 w - 2 potions of haste {unknown}
 x - 2 potions of might
Comestibles
 b - 11 rations


   Skills:
 - Level 4.3 Fighting
 * Level 7.4 Dodging
 - Level 2.7 Stealth
 + Level 10.9 Unarmed Combat


You had 8 spell levels left.
You didn't know any spells.

Dungeon Overview and Level Annotations

Branches:
Dungeon (8/15)             Temple (0/1) D:6
   Lair: D:8-11

Altars:
Ashenzari
Cheibriados
Dithmenos
Okawaru
Ru
Uskayaw
Vehumet
Wu Jian
Yredelemnul
Zin

Shops:
D:7 [


Innate Abilities, Weirdness & Mutations

Your body is rotting away.
You thrive on raw meat.
You are immune to poison.
You have sharp fingernails.
You are carnivorous and can eat meat at any time.
Your flesh is cold resistant. (rC+)
You are immune to negative energy. (rN+++)
You do not regenerate when monsters are visible.
You are immune to unholy pain and torment.
You can survive without breathing.


Message History

The two-headed ogre is moderately wounded.
The two-headed ogre hits you with a giant spiked club!!
The two-headed ogre closely misses you.
You scratch the two-headed ogre but do no damage.
The two-headed ogre is moderately wounded.
You completely miss the two-headed ogre.
You claw the two-headed ogre, but do no damage.
The two-headed ogre is moderately wounded.
The two-headed ogre barely misses you. The two-headed ogre closely misses you.
You scratch the two-headed ogre.
The two-headed ogre is heavily wounded.
The two-headed ogre closely misses you. The two-headed ogre misses you.
You claw the two-headed ogre!
The two-headed ogre is severely wounded.
You completely miss the two-headed ogre.
The two-headed ogre is severely wounded.
The two-headed ogre hits you with a giant spiked club!
* * * LOW HITPOINT WARNING * * *
The two-headed ogre hits you with a giant club!!
You die...

#.....# ##.....#
#######......##
..............###
#./.......# #
#.......#..#####
#####.......##..(...
..###...O.#......##.....
.....<.@.>.....#..#.....
.)....#.###....##.#.....
.##...#.###.............
#..................... #
...###...####...#.##
..##.....##.....#.#.
..##..##...#.###.#...
#..#....##....##.....#
#..._.#...###.....#


You could see a two-headed ogre.

Vanquished Creatures
  2 hornets
  The ghost of Danqa the Sneak, an amateur NaAs of Uskayaw (D:3)
  A hungry ghost (D:8)
  An ice beast (D:5)
  2 ogres
  3 centaurs
  5 bullfrogs
  3 scorpions
  2 crimson imps (D:6)
  4 hounds
  2 jellies
  An orc priest (D:4)
  A worker ant (D:5)
  3 orc wizards
  A hound zombie (D:5)
  A hound skeleton (D:7)
  2 worker ant zombies (D:7)
  4 gnolls (D:5)
  22 adders
  An adder zombie (D:2)
  2 adder skeletons
  A worm (D:4)
  4 dart slugs
  10 leopard geckos
  12 orcs
  8 bats
  A bat skeleton (D:2)
  5 giant cockroaches
  8 goblins
  6 hobgoblins
  3 jackals (D:3)
  2 quokkas
  A ball python (D:7)
  3 frilled lizards
  A giant cockroach zombie (D:2)
  3 jackal zombies
  5 kobolds
  A leopard gecko skeleton (D:4)
  A quokka skeleton (D:2)
  A quokka zombie (D:4)
  10 rats
150 creatures vanquished.

Notes
Turn   | Place    | Note
-------+----------+-------------------------------------------
     0 | D:1      | Stelma the Ghoul Monk began the quest for the Orb.
     0 | D:1      | Reached XP level 1. HP: 19/19 MP: 0/0
   210 | D:1      | Reached XP level 2. HP: 26/26 MP: 1/1
   824 | D:2      | Reached XP level 3. HP: 30/31 MP: 2/2
   913 | D:2      | Found a sacrificial altar of Ru.
   913 | D:2      | Found an ornate altar of the Wu Jian Council.
   913 | D:2      | Found a glowing silver altar of Zin.
   914 | D:2      | Found a basalt altar of Yredelemnul.
   938 | D:2      | Reached skill level 4 in Unarmed Combat
   958 | D:2      | Became a worshipper of the Wu Jian Council
   958 | D:2      | Reached * piety under Wu Jian
   958 | D:2      | Reached ** piety under Wu Jian
  1325 | D:2      | Reached XP level 4. HP: 33/36 MP: 3/3
  1372 | D:2      | Found a hide-covered altar of Uskayaw.
  1372 | D:2      | Found a radiant altar of Vehumet.
  2060 | D:3      | Reached skill level 5 in Unarmed Combat
  2071 | D:3      | Noticed Danqa's ghost (amateur NaAs)
  2115 | D:3      | Reached XP level 5. HP: 21/45 MP: 4/4
  2584 | D:3      | Killed Danqa's ghost
  2584 | D:3      | Reached XP level 6. HP: 20/48 MP: 5/5
  2775 | D:3      | Found an iron altar of Okawaru.
  2920 | D:3      | Reached skill level 6 in Unarmed Combat
  2952 | D:3      | Reached *** piety under Wu Jian
  3728 | D:4      | Reached XP level 7. HP: 25/58 MP: 6/6
  3923 | D:4      | Reached skill level 7 in Unarmed Combat
  4164 | D:4      | Found a snail-covered altar of Cheibriados.
  4231 | D:4      | Found a glowing drain.
  4292 | D:5      | Entered Level 5 of the Dungeon
  5118 | D:5      | Reached skill level 5 in Dodging
  5362 | D:5      | Reached XP level 8. HP: 67/67 MP: 7/7
  5430 | D:5      | Reached skill level 8 in Unarmed Combat
  6455 | D:6      | Reached skill level 9 in Unarmed Combat
  6537 | D:6      | Found a staircase to the Ecumenical Temple.
  6647 | D:6      | Found a shattered altar of Ashenzari.
  6836 | D:6      | Reached **** piety under Wu Jian
  7028 | D:7      | Reached XP level 9. HP: 28/65 MP: 8/8
  7512 | D:7      | Noticed a hornet
  7533 | D:7      | Killed a hornet
  7533 | D:7      | Reached skill level 10 in Unarmed Combat
  7614 | D:7      | Found Maol's Antique Armour Boutique.
  7617 | D:7      | Bought a cloak for 121 gold pieces
  7778 | D:8      | Noticed a hornet
  7791 | D:8      | Killed a hornet
  7797 | D:8      | Noticed a two-headed ogre
  8054 | D:8      | Found a shadowy altar of Dithmenos.
  8080 | D:8      | Noticed a two-headed ogre
  8098 | D:8      | Slain by a two-headed ogre

Skill      XL: |  1  2  3  4  5  6  7  8  9 |
---------------+----------------------------+-----
Dodging        | 3 4 5 6 7 |  7.4
Unarmed Combat | 4 5 6 7 9 10 | 10.9
Fighting       | 4 |  4.3
Stealth        | |  2.7

Action                   |  1- 3 |  4- 6 |  7- 9 || total
-------------------------+-------+-------+-------++-------
Melee: Unarmed           |   125 |   217 |   333 ||   675
       Punch             |       |     5 |     8 ||    13
Invok: Lunge             |     1 |     7 |    10 ||    18
       Wall Jump         |     1 |     5 |     4 ||    10
       Whirlwind         |     1 |       |     7 ||     8
 Abil: Wall Jump         |       |     3 |     4 ||     7
  Use: Scroll            |     3 |     2 |     8 ||    13
       Potion            |       |     4 |     6 ||    10
 Stab: Sleeping          |     2 |     8 |     6 ||    16
       Distracted        |     1 |       |       ||     1
  Eat: Chunk             |     1 |     8 |     6 ||    15
       Ration            |       |       |     4 ||     4
Armor: Robe              |    19 |    29 |    25 ||    73
Dodge: Dodged            |    81 |   119 |   218 ||   418
